Map: Ley Lines

Players

KimChiLoVer - Winner!

  • Race: Terran Terran
  • Spawn Location: 7:00

VOD

Have the link to the VOD?

Description

Time

  • Played on: Aug. 10, 2025, 7:53 p.m.
  • Length: 10:20
Show
View Real Time Build Order
Export as new Build Order

KimChiLoVer Terran - Winner!

Build Orders: Reaper Expand 

Get SALT Encoding   

  12  0:03  SCV  
  12  0:15  SCV  
  12  0:18  Supply Depot  
  12  0:27  SCV  
  12  0:40  SCV  
  12  0:41  Barracks  
  12  0:48  Refinery  
  12  0:52  SCV  
  12  1:04  SCV  
  12  1:16  SCV  
  12  1:28  Orbital Command  
  12  1:30  Reaper  
  12  1:40  Command Center  
  12  1:49  Supply Depot  
  12  1:54  SCV  
  12  2:06  SCV  
  12  2:08  Factory  
  12  2:13  Refinery  
  12  2:14  Marine  
  12  2:19  SCV  
  12  2:25  Barracks  
  12  2:32  Barracks  
  12  2:34  SCV  
  12  2:46  SCV  
  12  2:47  Barracks Reactor  
  12  2:53  Orbital Command  
  12  2:58  SCV  
  12  3:00  Factory Tech Lab  
  12  3:22  SCV  
  12  3:23  Command Center  
  12  3:24  SCV  
  12  3:31  Starport  
  12  3:36  Factory Reactor, Stimpack  
  12  3:40  Marine x2  
  12  3:42  Marine  
  12  3:50  SCV  
  12  3:52  SCV  
  12  3:53  Engineering Bay  
  12  3:58  Engineering Bay  
  12  4:01  Supply Depot  
  12  4:04  SCV  
  12  4:05  Marine  
  12  4:08  SCV  
  12  4:15  Marine x2  
  12  4:16  SCV  
  12  4:26  Terran Infantry Armor Level 1  
  12  4:28  Terran Infantry Weapons Level 1, Factory Tech Lab  
  12  4:31  SCV x2  
  12  4:36  Marine  
  12  4:39  Medivac  
  12  4:42  Medivac  
  12  4:43  SCV  
  12  4:44  Marine  
  12  4:50  Supply Depot  
  12  4:51  SCV  
  12  4:55  Orbital Command  
  12  5:00  Refinery  
  12  5:02  SCV, Refinery  
  12  5:13  Barracks  
  12  5:16  SCV x2  
  12  5:17  Barracks  
  12  5:28  SCV x3  
  12  5:31  Supply Depot  
  12  5:34  Supply Depot, Medivac  
  12  5:39  Combat Shield, Barracks Tech Lab  
  12  5:40  SCV  
  12  5:41  SCV  
  12  5:42  Siege Tank  
  12  5:50  SCV  
  12  5:52  SCV  
  12  5:53  SCV  
  12  5:55  Armory  
  12  5:56  Marine  
  12  5:57  Marine x2  
  12  5:58  Concussive Shells  
  12  6:01  Barracks Reactor  
  12  6:03  Marine  
  12  6:08  Orbital Command  
  12  6:13  SCV  
  12  6:14  Marine  
  12  6:15  Marine  
  12  6:23  Command Center  
  12  6:25  Barracks Tech Lab  
  12  6:26  Marauder, Marine  
  12  6:27  Medivac x2  
  12  6:31  SCV  
  12  6:33  Marauder  
  12  6:35  SCV x2  
  12  6:43  SCV  
  12  6:44  Refinery  
  12  6:46  Barracks  
  12  6:47  SCV  
  12  6:50  Barracks  
  12  6:52  Terran Infantry Weapons Level 2  
  12  6:53  Barracks  
  12  6:54  Terran Infantry Armor Level 2  
  12  6:59  Marine x3  
  12  7:00  Marine  
  12  7:13  Marauder x2, Marine  
  12  7:14  Medivac x2  
  12  7:17  Marine  
  12  7:22  Supply Depot  
  12  7:24  Supply Depot  
  12  7:28  Supply Depot  
  12  7:33  Marine  
  12  7:34  SCV x2  
  12  7:38  Marauder, Marine x3  
  12  7:39  Marauder x2  
  12  7:40  Supply Depot, Barracks Reactor, Barracks Tech Lab  
  12  7:41  Supply Depot, Barracks Reactor  
  12  7:46  SCV x3  
  12  7:51  Orbital Command  
  12  7:58  SCV  
  12  8:05  Marauder x4, Marine  
  12  8:10  SCV  
  12  8:11  Refinery  
  12  8:20  Terran Vehicle And Ship Armor Level 1, Starport  
  12  8:23  SCV  
  12  8:32  Orbital Command  
  12  8:33  Marine  
  12  8:34  Marauder x2, Marine x2  
  12  8:35  Command Center  
  12  8:53  Marauder x2, Marine x6  
  12  8:54  Medivac x2  
  12  8:59  SCV x4  
  12  9:01  Starport Reactor  
  12  9:02  Siege Tank  
  12  9:08  Marine  
  12  9:09  Supply Depot, Marine  
  12  9:11  Supply Depot, SCV  
  12  9:12  Marine  
  12  9:13  Marauder, Marine  
  12  9:23  SCV  
  12  9:24  Medivac  
  12  9:33  Medivac  
  12  9:35  Siege Tank  
  12  9:39  Viking  
  12  9:40  Viking  
  12  9:57  Marauder x4, Marine x7  
  12  10:06  Refinery  
  12  10:07  Refinery  
Tags
 
Add a new tag
Caveats
  • Supply blocks, unpowered buildings, or Contaminate may cause inaccurate times.
  • Supply counts are checked every 10 seconds.